 Dungeon Crawl Stone Soup version 0.32-a0-12-g7fc57aa741 (webtiles) character file.

Game seed: 13463966369571176143

67150 chunkyMonkey the Fighter (level 14, -7/118 HPs)
             Began as a Mummy Fighter on Jan 14, 2024.
             Was the Champion of Cheibriados.
             Mangled by a minotaur (21 damage)
             ... on level 4 of the Lair of Beasts.
             The game lasted 01:15:55 (19879 turns).

chunkyMonkey the Fighter (Mummy Fighter)           Turns: 19879, Time: 01:15:55

Health: -7/118     AC: 14    Str: 38    XL:     14   Next: 81%
Magic:  0/32       EV: 10    Int: 22    God:    Cheibriados [******]
Gold:   1553       SH: 21    Dex: 34    Spells: 29/31 levels left

rFire   x . .        w - +7 hammer "Beastslayer" {venom, rCorr}
rCold   + . .        C - +0 kite shield
rNeg    + + +        d - +5 moon troll leather armour {Spirit, Regen++ MP+5}
rPois   ∞            X - +2 helmet
rElec   .            L - scarf {+Inv}
rCorr   +            e - +0 pair of gloves
SInv    .            (no boots)
Will    ++...        N - amulet of reflection
Stlth   ++           c - +6 ring of dexterity
HPRegen 1.99/turn    I - ring of willpower
MPRegen 0.23/turn

%: reflection, guardian spirit, faith
@: very slow
A: cold resistance 1, negative energy resistance 3, torment resistance 2, heat
vulnerability 1, in touch with death 2, no potions, faith
a: Renounce Religion, Evoke Invisibility, Bend Time, Temporal Distortion,
Slouch, Step From Time


You were on level 4 of the Lair of Beasts.
You worshipped Cheibriados.
Cheibriados was exalted by your worship.
You visited 4 branches of the dungeon, and saw 19 of its levels.
You also visited: Sewer and Gauntlet.

You collected 1751 gold pieces.
You spent 198 gold pieces at shops.

Inventory:

Hand Weapons
 i - a +2 short sword of draining
 s - a +2 short sword of venom
 w - the +7 hammer "Beastslayer" (weapon) {venom, rCorr}
   (You found it on level 5 of the Dungeon)

   rCorr:     It protects you from acid and corrosion.
 B - a +2 hand axe of freezing
 P - a +0 scimitar of flaming
 R - a +0 whip of electrocution
Missiles
 t - 19 poisoned darts (quivered)
Armour
 d - the +5 moon troll leather armour (worn) {Spirit, Regen++ MP+5}
   (You found it on level 4 of the Dungeon)

   MP+5:      It affects your magic capacity (+5).
   Regen++:   It increases your rate of health regeneration.
 e - a +0 pair of gloves (worn)
 p - an orb of light
 C - a +0 kite shield (worn)
 F - a +1 helmet of see invisible
 L - a scarf of invisibility (worn)
 T - a scarf of resistance
 X - a +2 helmet (worn)
Magical Staves
 V - a staff of death
Jewellery
 b - a ring of resist corrosion
 c - a +6 ring of dexterity (left hand)
 f - a ring of wizardry
 h - a ring of flight
 l - a +6 ring of dexterity
 r - the amulet "Ichamu" {Acrobat rF+ Will+ Dex+3}
   (You acquired it on level 5 of the Dungeon)

   [amulet of the acrobat]

   Acrobat:   It increases your evasion while moving and waiting.
   Dex+3:     It affects your dexterity (+3).
   rF+:       It protects you from fire.
   Will+:     It increases your willpower.
 v - an amulet of regeneration
 z - an amulet of guardian spirit
 A - a ring of willpower
 I - a ring of willpower (right hand)
 J - a ring of see invisible
 N - an amulet of reflection (around neck)
 O - a ring of willpower
 S - the ring "Qiedoc" {rElec rPois rF- rCorr Str+2}
   (You took it off a minotaur in a Gauntlet)

   [ring of poison resistance]

   Str+2:     It affects your strength (+2).
   rF-:       It makes you vulnerable to fire.
   rElec:     It insulates you from electricity.
   rPois:     It protects you from poison rCorr: It protects you from acid and
   corrosion.
Wands
 a - a wand of charming (7)
 k - a wand of polymorph (20)
 n - a wand of iceblast (7)
 o - a wand of digging (3)
 E - a wand of mindburst (17)
Scrolls
 g - 5 scrolls of teleportation
 m - 2 scrolls of fog
 q - 6 scrolls of amnesia
 u - a scroll of blinking
 x - 2 scrolls of enchant weapon
 y - 4 scrolls of vulnerability
 D - a scroll of summoning
 G - 5 scrolls of poison
 H - 2 scrolls of revelation
 Q - 4 scrolls of identify
 U - a scroll of fear
 W - 3 scrolls of torment
 Z - 6 scrolls of noise
Miscellaneous
 j - a phial of floods
 K - a phantom mirror


   Skills:
 * Level 13.2 Fighting
 - Level 7.0 Axes
 * Level 11.1 Armour
 * Level 11.1 Shields
 - Level 9.0 Spellcasting
 + Level 5.1 Necromancy
 - Level 5.0 Alchemy
 - Level 3.0 Invocations
 - Level 5.0 Evocations


You had 29 spell levels left.
You knew the following spells:

 Your Spells              Type           Power      Damage    Failure   Level
a - Mercury Vapours       Alch/Air       42%        N/A       5%          2

Your spell library contained the following spells:

 Spells                   Type           Power      Damage    Failure   Level
 Vampiric Draining        Necr           65%        2d10      3%          3
 Freeze                   Ice            36%        1d5       10%         1
 Slow                     Hex            36%        N/A       10%         1
 Call Imp                 Summ           18%        N/A       16%         2
 Lesser Beckoning         Tloc           18%        N/A       16%         2
 Mephitic Cloud           Conj/Alch/Air  17%        N/A       16%         3
 Confusing Touch          Hex            9%         N/A       30%         3
 Frozen Ramparts          Ice            18%        1d3       30%         3
 Gell's Gravitas          Tloc           9%         N/A       30%         3
 Hailstorm                Conj/Ice       9%         3d6       30%         3
 Inner Flame              Hex/Fire       9%         N/A       30%         3
 Sigil of Binding         Hex            9%         N/A       30%         3
 Stone Arrow              Conj/Erth      18%        3d8       30%         3
 Teleport Other           Tloc           9%         N/A       30%         3
 Leda's Liquefaction      Alch/Erth      10%        N/A       34%         4
 Petrify                  Alch/Erth      21%        N/A       34%         4
 Sticky Flame             Fire/Alch      21%        2d6       34%         4
 Brom's Barrelling Bould  Conj/Erth      9%         2d3       69%         4
 Flame Wave               Conj/Fire      9%         2d6       69%         4
 Iskenderun's Mystic Bla  Conj/Tloc      9%         2d4       69%         4
 Freezing Cloud           Conj/Ice/Air   4%         6-21      95%         5
 Metabolic Englaciation   Hex/Ice        4%         N/A       95%         5
 Summon Forest            Summ/Tloc      4%         N/A       95%         5
 Summon Mana Viper        Hex/Summ       9%         N/A       95%         5
 Summon Cactus Giant      Summ           4%         N/A       100%        6
 Summon Hydra             Summ           4%         N/A       100%        7
 Sublimation of Blood     Necr           Unusable   N/A       N/A         2

Dungeon Overview and Level Annotations

Branches:
Dungeon (11/15)            Temple (1/1) D:5            Lair (5/5) D:11
 Shoals (0/4) Lair:2       Spider (0/4) Lair:2        Slime (0/5) Lair:5
    Orc (2/2) D:10            Elf (0/3) Orc:2         Sewer (visited)
Gauntlet (visited)

Altars:
Ashenzari
Cheibriados
Dithmenos
Fedhas
Gozag
Hepliaklqana
Kikubaaqudgha
Makhleb
Nemelex Xobeh
Okawaru
Qazlal
Ru
Sif Muna
Trog
Uskayaw
Vehumet
Wu Jian
Xom
Yredelemnul
Jiyva
Lugonu

Shops:
D:1 [(:[   D:2 *   D:7 [   Orc:2 =*[(

Portals:
Abyss: Lair:5
Trove: D:11 (give 3 scrolls of blinking)

Annotations:
D:5 1 runed translucent door, Crazy Yiuf
D:10 2 transporters, miscthings's ghost, journeyman OnSh
Lair:4 Ahar's ghost, journeyman HONe


Innate Abilities, Weirdness & Mutations

You are immune to poison.
Your flesh is cold resistant. (rC+)
You are immune to negative energy. (rN+++)
You are immune to unholy pain and torment.
You are vulnerable to heat. (rF-)
You are strongly in touch with the powers of death.
You do not drink.
You have a special connection with the divine. (Faith)


Message History

You block the minotaur's attack. The minotaur gores you.
You hit the minotaur but do no damage.
The minotaur looks as sick as possible!
The minotaur is moderately wounded.
Ahar's ghost closely misses you. The minotaur hits you.
You block the minotaur's attack. You block the death yak's attack. x2
The minotaur hits you but does no damage.
The minotaur gores you but does no damage.
Ahar's ghost barely misses you.
You sock the death yak!
The death yak is severely wounded.
The bullfrog looks more healthy.
You block Ahar's ghost's attack.
The death yak gores you but does no damage.
The minotaur hits you but does no damage.
The minotaur misses you.
You hit the minotaur.
The minotaur looks as sick as possible!
The minotaur is moderately wounded.
Ahar's ghost hits you!!
You are electrocuted!
You block the minotaur's attack. x2
You block the death yak's attack.
Unknown command.
You hit the death yak.
The death yak looks as sick as possible!
The death yak is severely wounded.
You block Ahar's ghost's attack. You block the death yak's attack.
You block the minotaur's attack. The minotaur gores you!
Unknown command.
You sock the minotaur!
The minotaur looks as sick as possible!
The minotaur is severely wounded.
You block Ahar's ghost's attack. You block the minotaur's attack. x2
The death yak gores you!
* * * LOW HITPOINT WARNING * * *
Unknown command.
You hit the minotaur.
The minotaur looks as sick as possible!
The minotaur is severely wounded.
You block Ahar's ghost's attack. The death yak gores you!
* * * LOW HITPOINT WARNING * * *
The minotaur hits you!!
* * * LOW HITPOINT WARNING * * *
The minotaur gores you but does no damage.
The death yak barely misses you. The minotaur hits you!!
You die...

...# #P...##<.##...#.##.........
#..## #..........................
#...# #..........................
#..####............####..........
#..# #.............# #..........
P..###.............## #..........
#...#..#########....# #..........
†..#...#W#.....#...####.........#
.......#YH##.#S#@..#..P.........#
.......##=...#.WYH..............#
.......#SF.#...'F...............#
.......##(.....'......#.......^.#
....#..#..#.##.#.....##.........#
.......#.#.....#....##...........
....#..#########...#.#.....#.#...
....................###..#####...
)........###.........#P...# #....


You could see a minotaur (extremely poisoned), a death yak (extremely poisoned),
a water moccasin, a bullfrog and Ahar's ghost.

Vanquished Creatures
  An orc warlord (Orc:1)
  A minotaur (Gauntlet)
  2 hydras
  A catoblepas (Lair:2)
  Erica (D:9)
  5 two-headed ogres
  3 boulder beetles
  5 death yaks (Lair:5)
  An orc high priest (Orc:2)
  2 thrashing horrors (Lair:5)
  Nergalle (Orc:1)
  Sonja (Lair:2)
  2 skysharks (Lair:5)
  A large abomination (Lair:5)
  An orb spider (Lair:2)
  3 orc sorcerers
  3 orc knights (Orc:2)
  A cyclops (D:11)
  4 ugly things (Lair:5)
  A manticore (D:9)
  A meliai (shapeshifter) (Lair:5)
  21 elephants
  Maurice (D:8)
  3 meliai (Gauntlet)
  Joseph (D:9)
  A merfolk siren (Lair:2)
  4 black mambas
  A smoke demon (Lair:5)
  A torpor snail (Lair:5)
  A gargoyle (D:11)
  13 cane toads
  An unseen horror (D:6)
  11 komodo dragons
  2 rime drakes
  2 polar bears (Lair:5)
  3 merfolk (Lair:2)
  3 trolls
  4 hornets
  A raiju (Gauntlet)
  17 blink frogs
  5 dream sheep
  Grinder (D:5)
  3 ynoxinuls (Lair:5)
  38 yaks
  7 spriggans
  A fire bat (shapeshifter) (Lair:5)
  6 wyverns
  5 basilisks
  2 wargs
  2 steam dragons
  4 vampire mosquitoes
  3 chaos spawn (Lair:5)
  An acid dragon (D:6)
  10 water moccasins
  Duvessa (D:4)
  22 orc warriors
  2 ice beasts (D:7)
  2 sky beasts
  2 black bears
  6 ogres
  6 wolves
  2 boggarts (D:8)
  A phantom (D:5)
  2 centaurs (D:6)
  7 kobold brigands
  10 bullfrogs
  4 gnoll sergeants (D:10)
  13 small abominations (Lair:5)
  4 scorpions
  10 wights
  Dowan (D:4)
  3 howler monkeys
  4 hounds
  A jelly (D:7)
  16 orc priests
  2 sleepcaps (D:6)
  An iguana (D:6)
  12 orc wizards
  11 adders
  17 gnolls
  3 river rats
  A shadow imp (D:7)
  2 white imps
  6 ufetubi
  A dart slug (D:1)
  7 ribbon worms
  64 orcs
  11 ball pythons
  7 endoplasms
  2 giant cockroaches
  4 goblins
  13 hobgoblins
  4 jackals (D:4)
  5 quokkas
  11 bats
  2 frilled lizards (D:2)
  47 kobolds
  14 rats
586 creatures vanquished.

Notes
Turn   | Place    | Note
-------+----------+-------------------------------------------
     0 | D:1      | chunkyMonkey the Mummy Fighter began the quest for the Orb.
     0 | D:1      | Reached XP level 1. HP: 18/18 MP: 1/1
    52 | D:1      | Found Idoidan's Armour Emporium.
   112 | D:1      | Found Tuxtenac's Book Boutique.
   172 | D:1      | Found Ijova's Weapon Boutique.
   199 | D:1      | Reached XP level 2. HP: 6/24 MP: 2/2
   359 | D:1      | Found Waot's Armour Boutique.
   758 | D:1      | Reached XP level 3. HP: 29/29 MP: 3/3
  1530 | D:2      | Reached skill level 1 in Spellcasting
  2002 | D:2      | Found Anuosh's Assorted Antiques.
  2018 | D:2      | Reached XP level 4. HP: 34/35 MP: 5/5
  2494 | D:3      | Reached XP level 5. HP: 26/42 MP: 7/7
  2813 | D:3      | Found a hazy altar of Hepliaklqana.
  3633 | D:4      | Found the +5 moon troll leather armour {Spirit, Regen++
                  | MP+5}
  3671 | D:4      | Reached skill level 4 in Fighting
  3882 | D:4      | Noticed Duvessa
  3882 | D:4      | Noticed Dowan
  4044 | D:3      | Reached XP level 6. HP: 45/48 MP: 9/9
  4097 | D:4      | Found an ornate altar of the Wu Jian Council.
  4263 | D:4      | Killed Duvessa
  4264 | D:4      | Killed Dowan
  4268 | D:4      | Found a sacrificial altar of Ru.
  4373 | D:4      | Identified a scroll of acquirement
  4467 | D:4      | Reached XP level 7. HP: 55/55 MP: 11/11
  4760 | D:4      | Found a broken altar of Ashenzari.
  4917 | D:5      | Entered Level 5 of the Dungeon
  4944 | D:5      | Reached skill level 5 in Fighting
  5051 | D:5      | Found a blossoming altar of Fedhas.
  5196 | D:5      | Found a runed translucent door.
  5196 | D:5      | Identified the +7 hammer "Beastslayer" {venom, rCorr}
  5197 | D:5      | Noticed Crazy Yiuf
  5315 | D:5      | Noticed Grinder
  5326 | D:5      | Paralysed by Grinder for 3 turns
  5331 | D:5      | Killed Grinder
  5332 | D:5      | Reached XP level 8. HP: 63/63 MP: 13/13
  5371 | D:5      | Acquired the amulet "Ichamu" {Acrobat rF+ Will+ Dex+3}
  5402 | D:5      | Found a staircase to the Ecumenical Temple.
  5481 | Temple   | Entered the Ecumenical Temple
  5496 | Temple   | Became a worshipper of Cheibriados the Contemplative
  5782 | D:6      | Killed an unseen horror
  5783 | D:6      | Reached skill level 6 in Fighting
  5783 | D:6      | Reached skill level 5 in Armour
  5783 | D:6      | Reached skill level 5 in Shields
  6031 | D:6      | Found a glowing drain.
  6035 | D:6      | Reached * piety under Cheibriados
  6057 | Sewer    | Entered a sewer
  6062 | Sewer    | Reached XP level 9. HP: 71/71 MP: 14/16
  6151 | Sewer    | Reached ** piety under Cheibriados
  7259 | D:7      | Learned a level 2 spell: Mercury Vapours
  7283 | D:7      | Reached *** piety under Cheibriados
  7284 | D:7      | Reached skill level 5 in Spellcasting
  7299 | D:7      | Reached skill level 1 in Invocations
  7311 | D:7      | Reached skill level 7 in Fighting
  7713 | D:7      | Reached skill level 1 in Alchemy
  7886 | D:7      | Found Oblot's Armour Boutique.
  7892 | D:7      | Bought a +1 helmet of see invisible for 198 gold pieces
  8049 | D:7      | Found a shimmering altar of Xom.
  8568 | D:8      | Noticed Maurice
  8581 | D:8      | Maurice stole an amulet of guardian spirit
  8582 | D:8      | Maurice stole a +0 war axe
  8585 | D:8      | Killed Maurice
  8853 | D:8      | Reached **** piety under Cheibriados
  8854 | D:8      | Reached XP level 10. HP: 76/79 MP: 18/18
  9011 | D:8      | Found a radiant altar of Vehumet.
  9038 | D:8      | Noticed a two-headed ogre
  9038 | D:8      | Noticed a two-headed ogre
  9066 | D:8      | Killed a two-headed ogre
  9107 | D:8      | Killed a two-headed ogre
  9108 | D:8      | Reached skill level 8 in Fighting
  9611 | D:8      | Identified the +8 sling "Plog" {heavy, rPois rC- rCorr}
  9852 | D:9      | Noticed a two-headed ogre
  9862 | D:9      | Killed a two-headed ogre
  9912 | D:9      | Noticed Joseph
  9935 | D:9      | Killed Joseph
  9936 | D:9      | Reached skill level 5 in Axes
 10094 | D:9      | Identified the +1 leather armour of the Devil's Team {rElec
                  | rF+ rC- Str+4}
 10094 | D:9      | Noticed a manticore
 10105 | D:9      | Killed a manticore
 10106 | D:9      | Reached skill level 1 in Evocations
 10106 | D:9      | Reached XP level 11. HP: 69/87 MP: 20/20
 10386 | D:9      | Noticed Erica
 10399 | D:9      | Killed Erica
 10824 | D:10     | Entered Level 10 of the Dungeon
 10870 | D:10     | Found a transporter.
 10872 | D:10     | Noticed a boulder beetle
 10872 | D:10     | Noticed a tengu warrior
 10887 | D:10     | Noticed a two-headed ogre
 10895 | D:10     | Noticed miscthings's ghost (journeyman OnSh)
 10897 | D:10     | Found a transporter.
 11071 | D:10     | Reached ***** piety under Cheibriados
 11343 | D:10     | Found a staircase to the Orcish Mines.
 11360 | D:10     | Reached skill level 9 in Fighting
 11665 | Orc:1    | Entered Level 1 of the Orcish Mines
 11668 | Orc:1    | Noticed Nergalle
 11688 | Orc:1    | Killed Nergalle
 11850 | Orc:1    | Noticed an orc sorcerer
 11853 | Orc:1    | Paralysed by an orc sorcerer for 5 turns
 11865 | Orc:1    | Noticed a sixfirhy
 11867 | Orc:1    | Killed an orc sorcerer
 12197 | Orc:2    | Entered Level 2 of the Orcish Mines
 12211 | Orc:2    | Reached ****** piety under Cheibriados
 12240 | Orc:2    | Found a staircase to the Elven Halls.
 12241 | Orc:2    | Found a radiant altar of Vehumet.
 12282 | Orc:2    | Noticed an orc knight
 12304 | Orc:2    | Killed an orc knight
 12326 | Orc:2    | Noticed an orc sorcerer
 12338 | Orc:2    | Killed an orc sorcerer
 12392 | Orc:2    | Noticed an orc knight
 12408 | Orc:2    | Killed an orc knight
 12435 | Orc:2    | Noticed an orc knight
 12454 | Orc:2    | Killed an orc knight
 12455 | Orc:2    | Noticed an orc sorcerer
 12465 | Orc:2    | Noticed an orc warlord
 12467 | Orc:2    | Killed an orc sorcerer
 12468 | Orc:2    | Reached XP level 12. HP: 84/97 MP: 18/23
 12685 | Orc:2    | Noticed an orc high priest
 12741 | Orc:2    | Killed an orc high priest
 12742 | Orc:2    | Reached skill level 10 in Fighting
 12766 | Orc:2    | Found Hussim's Antique Armour Shop.
 13016 | Orc:2    | Found Daigil's Jewellery Shop.
 13031 | Orc:2    | Found Ifuisy's General Store.
 13047 | Orc:2    | Found Zonuhor's Antique Weapon Shop.
 13205 | Orc:1    | HP: 2/97 [orc warlord/+2 long sword of holy wrath (8)]
 13218 | Orc:1    | Killed an orc warlord
 13395 | D:11     | Noticed a boulder beetle
 13401 | D:11     | Noticed a two-headed ogre
 13405 | D:11     | Killed a boulder beetle
 13413 | D:11     | Killed a two-headed ogre
 13456 | D:11     | Found a gate leading to a gauntlet.
 13473 | Gauntlet | Entered a Gauntlet
 13473 | Gauntlet | Found a transporter.
 13473 | Gauntlet | Found a transporter.
 13473 | Gauntlet | Found a runed translucent door.
 13475 | Gauntlet | Found a runed translucent door.
 13485 | Gauntlet | Found a transporter.
 13485 | Gauntlet | Found a transporter.
 13488 | Gauntlet | Found a transporter.
 13505 | Gauntlet | Noticed a death scarab
 13508 | Gauntlet | Found a transporter.
 13539 | Gauntlet | Found a transporter.
 13565 | Gauntlet | Found a transporter.
 13575 | Gauntlet | Found a transporter.
 13585 | Gauntlet | Found a transporter.
 13588 | Gauntlet | Noticed a dire elephant
 13603 | Gauntlet | Found a transporter.
 13646 | Gauntlet | Found a transporter.
 13648 | Gauntlet | Identified the +1 helmet "Ecvezam" {^Contam rF+ MP+9
                  | Stlth+}
 13658 | Gauntlet | Found a transporter.
 13685 | Gauntlet | Identified the ring "Qiedoc" {rElec rPois rF- rCorr Str+2}
 13685 | Gauntlet | Noticed a minotaur
 13711 | Gauntlet | Killed a minotaur
 13757 | Gauntlet | Got the Volume of Hurting
 13762 | Gauntlet | Identified the +1 robe of Shielding {MP+9 Int-3 Dex-5
                  | Archmagi}
 14105 | D:11     | Noticed a two-headed ogre
 14111 | D:11     | Killed a two-headed ogre
 14226 | D:11     | Found a staircase to the Lair.
 14314 | D:11     | Found a portal to a secret trove of treasure.
 14384 | Lair:1   | Entered Level 1 of the Lair of Beasts
 14665 | Lair:1   | Gained mutation: You are strongly in touch with the powers
                  | of death. [Mummy growth]
 14665 | Lair:1   | Reached XP level 13. HP: 84/105 MP: 21/25
 14729 | Lair:1   | Reached skill level 11 in Fighting
 15354 | Lair:2   | Found a hole to the Spider Nest.
 15379 | Lair:2   | Reached skill level 1 in Necromancy
 15531 | Lair:2   | Reached skill level 5 in Alchemy
 15620 | Lair:2   | Found a staircase to the Shoals.
 15771 | Lair:2   | Noticed Sonja
 15777 | Lair:2   | Killed Sonja
 17260 | Lair:4   | Found a runed translucent gate.
 17260 | Lair:4   | Found a runed translucent gate.
 17260 | Lair:4   | Found a runed translucent gate.
 17265 | Lair:4   | Noticed a minotaur
 17271 | Lair:4   | Noticed Ahar's ghost (journeyman HONe)
 17273 | Lair:4   | Reached skill level 10 in Shields
 17293 | Lair:4   | Reached skill level 10 in Armour
 17458 | Lair:4   | Reached skill level 12 in Fighting
 17471 | Lair:4   | Reached XP level 14. HP: 65/115 MP: 13/27
 17608 | Lair:4   | Reached skill level 5 in Evocations
 17762 | Lair:4   | You fall into a shaft and drop 1 floor!
 17762 | Lair:5   | Entered Level 5 of the Lair of Beasts
 17969 | Lair:5   | Found a viscous altar of Jiyva.
 17970 | Lair:5   | Found a staircase to the Slime Pits.
 18503 | Lair:5   | Found a shimmering altar of Xom.
 19171 | Lair:5   | Reached skill level 13 in Fighting
 19251 | Lair:5   | Reached skill level 5 in Necromancy
 19318 | Lair:5   | Found a corrupted altar of Lugonu.
 19318 | Lair:5   | Found a one-way gate to the infinite horrors of the Abyss.
 19879 | Lair:4   | Mangled by a minotaur

Illustrated notes

Levels and vault maps discovered:
D:1:      dpeg_arrival_stonehenge_8_columns, layout_loops_ring, serial_shops,
          nicolae_shop_statue_plus, nicolae_shop_trees, shop, shop
D:2:      minmay_diamond_boxcup, layout_loops_corners, serial_shops,
          nicolae_shop_stone, minmay_misc_feat_plants
D:3:      layout_basic, mainiacjoe_overflow_tiny_flanked, minivault_11,
          hex_large
D:4:      kennysheep_kobold_camp, layout_loops_corners,
          mainiacjoe_overflow_cross_hatched, mainiacjoe_overflow_alcove_2,
          nicolae_ru_sacrificial_ziggurat, uniq_duvessa
D:5:      layout_cave_pools, mainiacjoe_overflow_boulevard,
          overflow_temple_1_default, minmay_temple_entry_antechambers,
          uniq_crazy_yiuf_cottage, uniq_grinder
D:6:      nicolae_BIG_FREAKIN_CUBE, layout_basic, portal_sewer_entry_b,
          minmay_liquid_box, minmay_misc_feat_five
D:7:      layout_layer_cave, lemuel_round_altar, serial_shops, shop,
          nrook_campfire
D:8:      layout_gridville, nicolae_vehumet_altar_sigil,
          nicolae_phantomly_mirrored, uniq_maurice
D:9:      layout_loops_ring, uniq_joseph, uniq_erica
D:10:     layout_long_grid, elyvilon_altar_3,
          kennysheep_orc_monster_closet_entryway, nzn_ghost_randoct,
          kennysheep_generic_room_14
D:11:     layout_loops_cross, grunt_lair_entry_orc_guard_hut,
          nicolae_trove_entry_crystal, gauntlet_entry_generic
Temple:   compressed_dpeg_triangle_lava_temple
Lair:1:   layout_cave_shapes, grunt_megastairs_1, infiniplex_staircase_pool
Lair:2:   layout_gridlike, elwin_shoals_entry_stream,
          nicolae_spider_entry_orb_guardian, uniq_sonja
Lair:3:   layout_small_grid, wad_woods_01, lemuel_fruit_tree
Lair:4:   layout_long_grid, maelrawn_ghost_gauntlet_escape
Lair:5:   hellmonk_lair_end_abyssal_woods, layout_cave_pods, slime_entry_1,
          basic_altar, serial_bayou_shore_a
Orc:1:    layout_caves, uniq_nergalle
Orc:2:    grunt_orc_cross, layout_caves, basic_altar

Skill      XL: |  1  2  3  4  5  6  7  8  9 10 11 12 13 14 |
---------------+-------------------------------------------+-----
Spellcasting   | 1 2 3 4 5 6 7 8 9 |  9.0
Shields        | 3 4 5 6 7 8 9 10 11 | 11.1
Axes           | 2 3 4 5 6 7 |  7.0
Armour         | 3 4 5 6 7 8 9 10 11 | 11.1
Fighting       | 4 5 6 7 8 9 10 12 13 | 13.2
Invocations    | 2 3 |  3.0
Alchemy        | 1 2 3 4 5 |  5.0
Evocations     | 1 2 3 4 5 |  5.0
Necromancy     | 3 5 |  5.1

Action                     |  1- 3 |  4- 6 |  7- 9 | 10-12 | 13-15 || total
---------------------------+-------+-------+-------+-------+-------++-------
  Melee: War axe           |    25 |       |       |    14 |       ||    39
         Dagger            |   126 |   196 |    99 |       |       ||   421
         Short sword       |    58 |    96 |       |    15 |    14 ||   183
         Mace              |       |       |   255 |   668 |   826 ||  1749
         Scimitar          |       |       |       |       |    21 ||    21
         Hand axe          |       |       |       |       |    11 ||    11
         Whip              |       |       |       |       |    78 ||    78
 Invoke: Bend Time         |       |       |     1 |    12 |     2 ||    15
  Evoke: Wand              |       |     4 |     1 |    10 |     1 ||    16
    Use: Scroll            |       |     5 |     3 |    11 |     2 ||    21
   Stab: Sleeping          |       |       |       |     4 |     7 ||    11
         Distracted        |       |       |       |     2 |     1 ||     3
 Armour: Scale mail        |    54 |       |       |       |       ||    54
         Chain mail        |   128 |    77 |       |       |       ||   205
         Troll leather arm |       |   114 |   326 |   560 |   846 ||  1846
  Dodge: Dodged            |    97 |   105 |   240 |   307 |   394 ||  1143
  Block: Buckler           |    52 |    63 |   100 |       |       ||   215
         Kite shield       |       |       |    97 |   906 |  1502 ||  2505

Table legend: (Time is in decaauts)
 A = Elapsed time spent in this place.
 B = Non-inter-level travel time spent in this place.
 C = Inter-level travel time spent in this place.
 D = Time resting spent in this place.
 E = Time spent auto-exploring this place.
 F = Levels seen in this place.
 G = Mean time per level.
                   A        B        C        D        E       F      G
               +--------+--------+--------+--------+--------+-----+--------+
         Total |  28528 |  27381 |   1147 |   2150 |  18277 |  21 | 1358.5 |
       Dungeon |  15679 |  14902 |    777 |   1801 |  10246 |  11 | 1425.4 |
        Temple |     32 |     16 |     16 |      0 |      0 |   1 |   32.0 |
          Lair |   9159 |   8953 |    206 |    107 |   6253 |   5 | 1831.8 |
  Orcish Mines |   2722 |   2575 |    147 |    189 |   1550 |   2 | 1361.0 |
         Sewer |    453 |    453 |      0 |      0 |    203 |   1 |  453.0 |
      Gauntlet |    482 |    482 |      0 |     53 |     24 |   1 |  482.0 |
               +--------+--------+--------+--------+--------+-----+--------+

Top non-repeatable levels by time:
  Lair:5: 2666 daAuts
     D:7: 2231 daAuts
  Lair:4: 1954 daAuts
     D:8: 1799 daAuts
  Lair:2: 1685 daAuts
     D:9: 1637 daAuts
   Orc:2: 1614 daAuts
  Lair:3: 1584 daAuts
    D:10: 1433 daAuts
    D:11: 1405 daAuts
     D:6: 1372 daAuts
     D:2: 1364 daAuts
     D:4: 1305 daAuts
  Lair:1: 1268 daAuts
     D:3: 1158 daAuts
